 Dungeon Crawl Stone Soup version 0.17.0-56-gd8de76c (webtiles) character file.

318 lucasterio the Conjurer (level 6, -3/36 HPs)
             Began as a High Elf Wizard on Dec 4, 2015.
             Killed by divine providence
             ... invoked by an orc priest
              (13 damage)
             ... on level 4 of the Dungeon.
             The game lasted 00:16:50 (3938 turns).

lucasterio the Conjurer (High Elf Wizard)           Turns: 3938, Time: 00:16:50

Health: -3/36      AC:  4    Str:  6    XL:     6   Next: 21%
Magic:  3/14       EV: 12    Int: 25    God:
Gold:   217        SH:  0    Dex: 13    Spells: 4 memorised, 6 levels left

rFire  . . .     SeeInvis .     f - +0 dagger
rCold  . . .     Clarity  .     a - +0 robe
rNeg   . . .     SustAt   .     (no shield)
rPois  .         Gourm    .     b - +0 hat
rElec  .         Spirit   .     p - +1 cloak
rCorr  .         Warding  .     (no gloves)
rMut   .         Stasis   .     (no boots)
MR     .....                    (no amulet)
Stlth  ++........               (no ring)
                                (no ring)

@: very slightly contaminated, not resistant to hostile enchantments, unstealthy
A: no striking features
a: no special abilities


You were on level 4 of the Dungeon.
You were not hungry.

You visited 1 branch of the dungeon, and saw 4 of its levels.

You collected 217 gold pieces.

Inventory:

Hand Weapons
 f - a +0 dagger (weapon)
 y - a +1 rapier of venom
Armour
 a - a +0 robe (worn)
 b - a +0 hat (worn)
 p - a +1 cloak (worn)
 B - a +0 robe of magic resistance
Jewellery
 w - a cursed ring of teleportation {unknown}
Scrolls
 e - a scroll of teleportation {unknown}
 g - 2 scrolls of identify {unknown}
 i - a scroll of amnesia {unknown}
 j - 2 scrolls of noise {unknown}
 l - 2 scrolls of enchant weapon {unknown}
 m - 2 scrolls of remove curse {unknown}
 n - 3 scrolls of random uselessness {unknown}
 o - 2 scrolls of blinking {unknown}
 r - a scroll of enchant armour {unknown}
 s - a scroll of fear {unknown}
 u - a scroll of recharging {unknown}
Potions
 h - a potion of cure mutation {unknown}
 k - a potion of lignification {unknown}
 v - a potion of resistance {unknown}
 x - 2 potions of poison {unknown}
 z - a potion of ambrosia {unknown}
 A - a potion of berserk rage {unknown}
Books
 c - a book of Minor Magic

   Spells                             Type                      Level
   a - Magic Dart                     Conjuration                  1
   b - Blink                          Translocation                2
   c - Call Imp                       Summoning                    2
   d - Repel Missiles                 Charms/Air                   2
   e - Slow                           Hexes                        2
   f - Conjure Flame                  Conjuration/Fire             3
   g - Mephitic Cloud                 Conjuration/Poison/Air       3
Comestibles
 d - 2 bread rations
 q - a meat ration
 t - 4 chunks of flesh


   Skills:
 - Level 2.1 Dodging
 - Level 2.1 Stealth
 + Level 4.9 Spellcasting
 * Level 5.0 Conjurations
 - Level 2.1 Summonings
 - Level 2.3 Translocations


You had 6 spell levels left.
You knew the following spells:

 Your Spells              Type           Power        Failure   Level  Hunger
a - Magic Dart            Conj           ####         1%          1    None
b - Blink                 Tloc           N/A          6%          2    None
c - Call Imp              Summ           ###.....     8%          2    None
d - Mephitic Cloud        Conj/Pois/Air  ##......     14%         3    ##.....


Dungeon Overview and Level Annotations

Branches:
Dungeon (4/15)
 Temple: D:4-7

Altars:
Trog
The Shining One


Message History

You are very lightly contaminated with residual magic.
Nothing appears to happen.
The orc priest hits you.
The orc wizard mumbles some strange words.
The orc wizard flickers and vanishes!
Deactivating autopickup; reactivate with Ctrl-A.
An orc comes into view. It is wielding a club.
Unknown command.
The orc priest closely misses you.
The orc shouts!
The orc hits you with a club.
The orc priest mumbles some strange prayers to Beogh against you.
Something smites you!
* * * LOW HITPOINT WARNING * * *
Casting: Magic Dart
Confirm with . or Enter, or press ? or * to list all spells.
You blink.
Something tries to affect you, but you resist.
The orc priest calls down the wrath of Beogh upon you.
Something smites you!
You die...

###### #....# #####.#####
#.##.# #...#.....#
#.##.##### #.#.#####.#
#.##.))..#
#....)....#######....###.#
#.###.####...@...#####)#
#.###
#........'...........#)#
#....
####.#####........#.##.#
#.### ...
#......o.#....#######
.....
##.....o..######...)..
...... +..........#
#.###.. .....$
##.........######.# #.#
...... #................#
#.# #........######### #.#


You could see an orc priest and an orc.

Vanquished Creatures
  Purgy (D:4)
  An orc wizard (D:4)
  A worker ant (D:3)
  5 adders
  2 oozes
  3 worms
  4 giant geckos
  14 orcs
  9 hobgoblins
  2 jackals (D:3)
  10 kobolds
  2 quokkas (D:2)
  A ball python (D:4)
  11 bats
  2 giant cockroaches
  3 giant newts
  14 goblins
  8 rats
93 creatures vanquished.

Notes
Turn   | Place    | Note
--------------------------------------------------------------
     0 | D:1      | lucasterio the High Elf Wizard began the quest for the Orb.
     0 | D:1      | Reached XP level 1. HP: 11/11 MP: 6/6
   235 | D:1      | Reached XP level 2. HP: 17/17 MP: 2/7
   530 | D:1      | Reached skill level 4 in Spellcasting
   941 | D:1      | Reached XP level 3. HP: 21/21 MP: 7/9
  1233 | D:1      | Learned a level 2 spell: Blink
  1236 | D:1      | Learned a level 2 spell: Call Imp
  1240 | D:1      | Learned a level 3 spell: Mephitic Cloud
  1317 | D:2      | Found a glowing golden altar of the Shining One.
  2063 | D:2      | Reached XP level 4. HP: 27/27 MP: 7/11
  2712 | D:3      | Reached skill level 1 in Summonings
  3221 | D:3      | Reached XP level 5. HP: 31/31 MP: 6/12
  3270 | D:3      | Found a bloodstained altar of Trog.
  3623 | D:4      | Noticed Purgy
  3634 | D:4      | Killed Purgy
  3634 | D:4      | Reached XP level 6. HP: 32/36 MP: 0/14
  3772 | D:4      | Reached skill level 5 in Conjurations
  3938 | D:4      | Killed from afar by an orc priest

Action                   |  1- 3 |  4- 6 || total
-------------------------+-------+-------++-------
Melee: Dagger            |    15 |    15 ||    30
 Cast: Magic Dart        |   124 |   133 ||   257
       Call Imp          |       |     1 ||     1
       Blink             |       |     1 ||     1
  Eat: Chunk             |     3 |     6 ||     9
